 Dungeon Crawl Stone Soup version 0.22-a0-160-gcc81d7a (webtiles) character file.

36 vishdafish the Charmwright (level 3, 0/27 HPs)
             Began as a Demonspawn Skald on Feb 10, 2018.
             Slain by a worm (9 damage)
             ... on level 3 of the Dungeon.
             The game lasted 00:03:17 (1588 turns).

vishdafish the Charmwright (Demonspawn Skald)       Turns: 1588, Time: 00:03:18

Health: 0/27       AC:  2    Str: 11    XL:     3   Next: 19%
Magic:  2/6        EV: 12    Int: 15    God:
Gold:   72         SH:  4    Dex: 12    Spells: 5/6 levels left

rFire    . . .     SeeInvis .   a - +0 falchion
rCold    . . .     Gourm    .   (no shield)
rNeg     . . .     Faith    .   k - +0 robe
rPois    .         Spirit   .   (no helmet)
rElec    .         Reflect  .   (no cloak)
rCorr    .         Harm     .   (no gloves)
MR       .....                  (no boots)
Stlth    +.........             (no amulet)
HPRegen  0.09/turn              l - ring of flight
MPRegen  0.10/turn              (no ring)

@: no status effects
A: large bone plates 1
a: Evoke Flight


You were on level 3 of the Dungeon.
You were not hungry.

You visited 1 branch of the dungeon, and saw 3 of its levels.

You collected 72 gold pieces.

Inventory:

Hand Weapons
 a - a +0 falchion (weapon)
Armour
 b - a +0 leather armour
 e - a +0 helmet
 k - a +0 robe (worn)
Jewellery
 j - an uncursed ring of ice
 l - a ring of flight (left hand)
Scrolls
 h - a scroll of remove curse {unknown}
 i - a scroll of teleportation {unknown}
 m - a scroll of enchant armour {unknown}
 n - a scroll of fog {unknown}
Potions
 f - a potion of degeneration {unknown}
 g - 2 potions of heal wounds {unknown}
Books
 c - a book of Battle

   Spells                             Type                      Level
   a - Infusion                       Charms                       1
   b - Shroud of Golubria             Charms/Translocation         2
   c - Song of Slaying                Charms                       2
   d - Spectral Weapon                Hexes/Charms                 3
   e - Regeneration                   Charms/Necromancy            3
Comestibles
 d - 2 rations


   Skills:
 + Level 2.1 Fighting
 + Level 2.2 Long Blades
 - Level 1.2 Armour
 + Level 2.2 Dodging
 + Level 2.1 Spellcasting
 - Level 3.0 Charms


You had 5 spell levels left.
You knew the following spells:

 Your Spells              Type           Power        Failure   Level  Hunger
a - Infusion              Chrm           ##..         6%          1    #......


Dungeon Overview and Level Annotations

Branches:
Dungeon (3/15)

Altars:

Annotations:
D:2 Sigmund, Terence


Innate Abilities, Weirdness & Mutations

You are partially covered in large bone plates. (SH +4)


Message History

You hit the giant cockroach.
You kill the giant cockroach!
You hit the worm.
The worm is moderately wounded.
You are no longer magically infusing your attacks.
The worm barely misses you.
You barely miss the worm.
The worm is moderately wounded.
You hit the worm but do no damage.
The worm is moderately wounded.
The worm barely misses you.
You barely miss the worm.
The worm is lightly wounded.
The worm closely misses you.
You hit the worm.
The worm is moderately wounded.
You hit the worm.
The worm is severely wounded.
The worm bites you!
You die...

# #.# . #.
#.# .. #%
#.#
...##.###.#
...(.....>#
..$.......#
#....#
##.#w#
#.#@# #.#.#
#.#.# #.#.#
....# #.#.#
..# #.#


You could see a worm.

Vanquished Creatures
  A worm (D:2)
  A dart slug (D:1)
  A leopard gecko (D:1)
  4 bats (D:1)
  2 giant cockroaches
  5 goblins
  3 hobgoblins
  4 kobolds (D:1)
  3 frilled lizards (D:1)
  5 rats (D:1)
29 creatures vanquished.

Notes
Turn   | Place    | Note
-------+----------+-------------------------------------------
     0 | D:1      | vishdafish the Demonspawn Skald began the quest for the Orb.
     0 | D:1      | Reached XP level 1. HP: 16/16 MP: 3/3
    57 | D:1      | Reached skill level 1 in Armour
   216 | D:1      | Gained mutation: You are partially covered in large bone plates. (SH +4) [demonic ancestry]
   216 | D:1      | Reached XP level 2. HP: 8/22 MP: 5/5
   704 | D:1      | Reached skill level 3 in Charms
  1169 | D:1      | Reached XP level 3. HP: 23/27 MP: 6/6
  1235 | D:2      | Noticed Sigmund
  1236 | D:2      | Noticed Terence
  1588 | D:3      | Slain by a worm

Vault maps used:
D:1:      matt_arrival_diagonals, minmay_heptomino_d4
D:2:      uniq_sigmund, uniq_terence
D:3:      first_ration, uniq_crazy_yiuf_cottage

Skill      XL: |  1  2 |
---------------+-------+-----
Armour         | 1 |  1.2
Long Blades    | 2 |  2.2
Dodging        | 2 |  2.2
Charms         | 3 |  3.0
Fighting       | |  2.1
Spellcasting   | |  2.1

Action                   || total
-------------------------++-------
Melee: Falchion          ||    85
 Cast: Infusion          ||     3
  Eat: Ration            ||     1
Armor: Leather armour    ||     5
       Robe              ||     5
Dodge: Dodged            ||    44
Block: Other             ||    12
       Rpst.: Falchion   ||    10

Table legend:
 A = Spawn XP
 B = Non-spawn XP
 C = Spawn XP percentage of total XP
 D = Spawn monster count
 E = Non-spawn monster count
 F = Spawn count percentage of total count
 G = Total turns spent on level
                    A         B        C        D         E        F      G
               +---------+---------+-------+---------+---------+-------+---------
         Total |       0 |      52 |   0.0 |       0 |      29 |   0.0 |  1588
               +---------+---------+-------+---------+---------+-------+---------
           D:1 |       0 |      41 |   0.0 |       0 |      25 |   0.0 |  1269
           D:2 |       0 |       9 |   0.0 |       0 |       3 |   0.0 |   299
           D:3 |       0 |       2 |   0.0 |       0 |       1 |   0.0 |    20
               +---------+---------+-------+---------+---------+-------+---------
